 Dungeon Crawl Stone Soup version 0.28-a0-845-gfc338a8e3c (webtiles) character file.

Game seed: 10851712755029243584

4038 629fm the Cleaver (level 10, -3/91 HPs)
             Began as a Minotaur Berserker on Nov 13, 2021.
             Was a Priest of Trog.
             Killed from afar by an efreet (17 damage)
             ... with a bolt of fire
             ... on level 8 of the Dungeon.
             The game lasted 00:06:13 (8133 turns).

629fm the Cleaver (Minotaur Berserker)              Turns: 8133, Time: 00:06:15

Health: -3/91      AC: 16    Str: 25    XL:     10   Next: 4%
Magic:  0/9        EV: 11    Int:  4    God:    Trog [***...]
Gold:   496        SH:  0    Dex: 16    Spells: 9/9 levels left

rFire   . . .      SeeInvis .   a - +1 hand axe
rCold   . . .      Faith    .   (no shield)
rNeg    . . .      Spirit   +   n - +1 plate armour
rPois   .          Reflect  .   (helmet restricted)
rElec   .          Harm     .   r - +0 cloak
rCorr   .          Rampage  .   (no gloves)
Will    .....                   (no boots)
Stlth   ..........              g - amulet of guardian spirit
HPRegen 0.25/turn               s - +6 ring of dexterity
MPRegen 0.11/turn               (no ring)

@: no status effects
A: horns 2, retaliatory headbutt
a: Renounce Religion, Berserk, Trog's Hand


You were on level 8 of the Dungeon.
You worshipped Trog.
Trog was most pleased with you.
You visited 1 branch of the dungeon, and saw 8 of its levels.

You collected 496 gold pieces.

Inventory:

Hand Weapons
 a - a +1 hand axe (weapon)
 G - a +1 flail
Missiles
 F - a throwing net (quivered)
Armour
 b - a +0 animal skin
 f - a +0 scale mail
 n - a +1 plate armour (worn)
 r - a +0 cloak (worn)
Jewellery
 g - an amulet of guardian spirit (around neck)
 s - a +6 ring of dexterity (left hand)
 C - a +6 ring of strength
Wands
 o - a wand of polymorph (7)
 u - a wand of acid (17)
 A - a wand of iceblast (19)
Scrolls
 d - 6 scrolls of identify {unknown}
 j - a scroll of enchant weapon
 k - a scroll of fear {unknown}
 p - 3 scrolls of vulnerability {unknown}
 v - a scroll of teleportation {unknown}
 w - 2 scrolls of amnesia {unknown}
 x - 4 scrolls of blinking {unknown}
 y - a scroll of fog {unknown}
 B - a scroll of silence {unknown}
Potions
 c - a potion of invisibility {unknown}
 e - a potion of attraction {unknown}
 h - 4 potions of curing
 i - 2 potions of flight {unknown}
 l - a potion of magic {unknown}
 q - 2 potions of might {unknown}
 t - 2 potions of resistance {unknown}
 z - a potion of degeneration {unknown}
 D - 3 potions of heal wounds {unknown}
 E - a potion of lignification {unknown}


   Skills:
 + Level 9.3 Fighting
 + Level 9.9 Axes
 + Level 9.2 Armour
 + Level 7.6 Dodging
 - Level 0.8 Stealth


You had 9 spell levels left.
You didn't know any spells.
Your spell library was empty.

Dungeon Overview and Level Annotations

Branches:
Dungeon (8/15)             Temple (0/1) D:6
   Lair: D:8-11

Altars:
Makhleb
Nemelex Xobeh
Vehumet
Yredelemnul

Shops:
D:6 :

Annotations:
D:5 2 transporters


Innate Abilities, Weirdness & Mutations

You have a pair of horns on your head.
You reflexively headbutt those who attack you in melee.


Message History

The bullfrog is engulfed in blazing flames.
The bullfrog dies!
The centaur completely misses you. The centaur barely misses you.
As you read the scroll labelled XUPSEM FIDGHU, it crumbles to dust.
It is a scroll of enchant weapon.
Your +0 hand axe glows red for a moment.
Something hits you but does no damage.
The centaur hits you but does no damage.
The centaur kicks you.
* * * LOW HITPOINT WARNING * * *
The efreet hits you but does no damage.
Okay, then.
As you read the scroll labelled UXTIUC SOEFI, it crumbles to dust.
It is a scroll of enchant armour.
Your +0 plate armour glows green for a moment.
Your skin stops crawling.
You feel less strong-willed. The centaur hits you.
* * * LOW HITPOINT WARNING * * *
The centaur closely misses you. Something hits you but does no damage.
The orc priest mumbles some strange prayers to Beogh against you.
Beogh smites you!
* * * LOW HITPOINT WARNING * * *
The efreet gestures at you. The bolt of fire hits you!
* * * LOW HITPOINT WARNING * * *
The centaur misses you. You furiously retaliate!
You headbutt the centaur, but do no damage.
The centaur kicks you but does no damage.
The centaur wields a +0 shortbow.
The centaur shoots an arrow.
The arrow hits you.
* * * LOW HITPOINT WARNING * * *
It was a potion of curing.
You feel better.
The centaur shoots an arrow.
Something hits you but does no damage.
You feel better. Something hits you. Something shocks you.
* * * LOW HITPOINT WARNING * * *
The efreet gestures at you.
The bolt of fire hits something!
Reactivating autopickup.
You feel a bit more experienced. The bolt of fire hits you!
You die...

#...##........#
#+####).......#
#(............#
#.............#
#.............#
#.............#
#...##........#
#.[. ##'###...#
.... #.@.##...#
.. ##'###...#
#..Rco###.#
#....≈h{o.###
#..../≈oo.[.#
#...≈≈≈≈≈...#
#......≈{.....#
#.....(≈=.....#
#?...........$#


You could see an efreet, a black bear, a centaur and 2 orcs.

Vanquished Creatures
  Harold (D:7)
  Joseph (D:7)
  A gargoyle (D:7)
  Sigmund (D:3)
  A water moccasin (D:7)
  Duvessa (D:6)
  5 ogres
  3 centaurs
  A kobold brigand (D:6)
  A gnoll sergeant (D:6)
  3 bullfrogs
  3 scorpions
  Dowan (D:6)
  A wyvern skeleton (D:7)
  A water moccasin skeleton (D:5)
  9 wights
  A crimson imp (D:4)
  5 hounds
  An orc priest (D:3)
  Crazy Yiuf (D:3)
  2 jellies
  Ijyb (D:5)
  2 centaur skeletons
  2 iguanas
  Terence (D:3)
  2 orc wizards
  A killer bee zombie (D:5)
  11 gnolls
  6 adders
  5 white imps
  2 dart slugs
  11 orcs
  2 endoplasms
  3 giant cockroaches
  2 hobgoblins
  7 jackals
  10 kobolds
  2 quokkas
  2 ball pythons (D:3)
  4 bats
  3 frilled lizards
  6 goblins
  2 rats
131 creatures vanquished.

Vanquished Creatures (others)
  A sky beast (D:8)
  A bullfrog (D:8)
2 creatures vanquished.

Grand Total: 133 creatures vanquished

Notes
Turn   | Place    | Note
-------+----------+-------------------------------------------
     0 | D:1      | 629fm the Minotaur Berserker began the quest for the Orb.
     0 | D:1      | Reached XP level 1. HP: 19/19 MP: 0/0
   331 | D:1      | Reached XP level 2. HP: 27/27 MP: 1/1
   892 | D:1      | Found a faded altar of an unknown god.
   937 | D:2      | Reached XP level 3. HP: 25/33 MP: 2/2
  1456 | D:2      | Reached XP level 4. HP: 21/41 MP: 3/3
  2510 | D:3      | Reached skill level 5 in Axes
  2511 | D:3      | Reached ** piety under Trog
  2599 | D:3      | Noticed Sigmund
  2608 | D:3      | Reached XP level 5. HP: 47/47 MP: 4/4
  2611 | D:3      | Killed Sigmund
  2612 | D:3      | Reached XP level 6. HP: 55/55 MP: 5/5
  2690 | D:3      | Reached skill level 5 in Fighting
  2974 | D:3      | Found a runed translucent door.
  2975 | D:3      | Noticed Crazy Yiuf
  3133 | D:3      | Noticed Terence
  3142 | D:3      | Killed Terence
  3143 | D:3      | Reached skill level 5 in Armour
  3501 | D:3      | Killed Crazy Yiuf
  3949 | D:4      | Reached XP level 7. HP: 59/61 MP: 6/6
  4517 | D:5      | Entered Level 5 of the Dungeon
  4521 | D:5      | Found a radiant altar of Vehumet.
  4521 | D:5      | Found a basalt altar of Yredelemnul.
  5033 | D:5      | Found a transporter.
  5033 | D:5      | Noticed a two-headed ogre
  5064 | D:5      | Noticed a steam dragon
  5096 | D:5      | Reached *** piety under Trog
  5120 | D:5      | Found a transporter.
  5147 | D:5      | Noticed Ijyb
  5157 | D:5      | Killed Ijyb
  5300 | D:5      | Reached XP level 8. HP: 17/71 MP: 2/7
  5588 | D:5      | Found a sparkling altar of Nemelex Xobeh.
  5949 | D:5      | Reached skill level 5 in Dodging
  6450 | D:6      | Noticed Duvessa
  6450 | D:6      | Noticed Dowan
  6460 | D:6      | Killed Duvessa
  6461 | D:6      | Killed Dowan
  6501 | D:6      | Found a staircase to the Ecumenical Temple.
  6530 | D:6      | Found Verui's Book Boutique.
  6784 | D:7      | Found a burning altar of Makhleb.
  6784 | D:7      | Noticed Joseph
  6801 | D:7      | Killed Joseph
  6802 | D:7      | Reached XP level 9. HP: 24/80 MP: 1/8
  7008 | D:7      | Noticed Harold
  7021 | D:7      | Killed Harold
  7524 | D:7      | Noticed a gargoyle
  7543 | D:7      | Killed a gargoyle
  8047 | D:8      | Reached XP level 10. HP: 80/90 MP: 7/9
  8113 | D:8      | Paralysed by a centaur for 4 turns
  8131 | D:8      | HP: 2/91 [centaur/arrow (4)]
  8133 | D:8      | Killed from afar by an efreet

Illustrated notes

Levels and vault maps discovered:
D:1:      roderic_chinese_lattice_arrival, layout_basic,
          shapermc_ecumenical_altar_mp_vishouse
D:2:      layout_basic, serial_aquarium, aquarium_bridge_square
          [aquarium_subvault_bridge, aquarium_subvault_bridge,
          aquarium_subvault_wall, aquarium_subvault_window], aquarium_window_2,
          aquarium_window_2, aquarium_window_1, aquarium_view_2e,
          aquarium_view_2c, aquarium_balcony_5a, aquarium_pool_double
D:3:      layout_loops_ring, minivault_4, minmay_pentomino_pile, uniq_terence,
          uniq_crazy_yiuf_cottage, uniq_sigmund
D:4:      layout_basic, minivault_19, minmay_fire_ice_demons
D:5:      layout_cave_pods, gammafunk_temple_overflow_arena,
          mainiacjoe_overflow_catwalk_spiral, skrybe_limestone_x, uniq_ijyb
D:6:      layout_basic, temple_pool_b, serial_shops, nicolae_shop_statue_plus,
          minivault_22, uniq_duvessa
D:7:      layout_rooms, amcnicky_altar_gilded, uniq_joseph, uniq_harold
D:8:      kennysheep_spiral_hall, layout_gridville, tgw_fedhas,
          mainiacjoe_overflow_cross_hatched, chequers_mini_garden,
          grunt_potential, uniq_prince_ribbit1

Skill      XL: |  1  2  3  4  5  6  7  8  9 |
---------------+----------------------------+-----
Axes           | 4 5 6 7 8 9 |  9.9
Fighting       | 4 5 6 7 9 |  9.3
Armour         | 3 4 5 6 7 9 |  9.2
Dodging        | 3 4 6 7 |  7.6
Stealth        | |  0.8

Action                   |  1- 3 |  4- 6 |  7- 9 | 10-12 || total
-------------------------+-------+-------+-------+-------++-------
Melee: Hand axe          |    43 |   116 |   234 |    19 ||   412
       Headbutt          |    10 |    21 |    68 |     6 ||   105
Invok: Berserk           |     2 |     3 |     7 |       ||    12
       Trog's Hand       |       |     1 |     2 |     1 ||     4
  Use: Scroll            |       |       |       |     2 ||     2
       Potion            |       |       |       |     2 ||     2
Armor: Animal skin       |     2 |       |       |       ||     2
       Scale mail        |    11 |    28 |       |       ||    39
       Plate armour      |       |    40 |   110 |    37 ||   187
Dodge: Dodged            |    22 |    46 |    77 |    21 ||   166

Table legend: (Time is in decaauts)
 A = Elapsed time spent in this place.
 B = Non-inter-level travel time spent in this place.
 C = Inter-level travel time spent in this place.
 D = Time resting spent in this place.
 E = Time spent auto-exploring this place.
 F = Levels seen in this place.
 G = Mean time per level.
                   A        B        C        D        E       F      G
               +--------+--------+--------+--------+--------+-----+--------+
         Total |   8233 |   8026 |    207 |   1004 |   6090 |   8 | 1029.1 |
       Dungeon |   8233 |   8026 |    207 |   1004 |   6090 |   8 | 1029.1 |
               +--------+--------+--------+--------+--------+-----+--------+

Top non-repeatable levels by time:
     D:5: 1491 daAuts
     D:1: 1484 daAuts
     D:7: 1123 daAuts
     D:3: 1079 daAuts
     D:2: 1061 daAuts
     D:4: 952 daAuts
     D:6: 804 daAuts
     D:8: 236 daAuts
